 Dungeon Crawl Stone Soup version 0.28.0 (webtiles) character file.

Game seed: 13442637921976623277

28 Doggr the Insei (level 3, 0/27 HPs)
             Began as a Djinni Transmuter on Feb 7, 2022.
             Slain by a hobgoblin (1 damage)
             ... on level 2 of the Dungeon on Feb 8, 2022.
             The game lasted 00:06:27 (795 turns).

Doggr the Insei (Djinni Transmuter)                  Turns: 795, Time: 00:06:27

Health: 0/27       AC:  2    Str:  9    XL:     3   Next: 27%
Gold:   31         EV: 12    Int: 14    God:
                   SH:  0    Dex: 15

rFire   + + .      SeeInvis .     - Unarmed
rCold   x . .      Faith    .   (no shield)
rNeg    . . .      Spirit   .   a - +0 robe
rPois   ∞          Reflect  .   (no helmet)
rElec   .          Harm     .   (no cloak)
rCorr   .          Rampage  .   (no gloves)
Will    .....                   (boots unavailable)
Stlth   +.........              (no amulet)
HPRegen 0.09/turn               (no ring)
MPRegen 0.00/turn               (no ring)

@: flying
A: sickness immunity, fire resistance 2, cold vulnerability 1, float, innate
caster, HP casting, extra vitality 1
a: no special abilities


You were on level 2 of the Dungeon.
You visited 1 branch of the dungeon, and saw 2 of its levels.

You collected 31 gold pieces.

Inventory:

Hand Weapons
 c - a +0 whip
Missiles
 b - 47 stones
 g - 15 bolts
Armour
 a - a +0 robe (worn)
Scrolls
 d - a scroll of silence {unknown}
 e - a scroll of enchant armour {unknown}
 h - a scroll of fear {unknown}
Potions
 f - a potion of mutation {unknown}


   Skills:
 + Level 1.0 Fighting
 + Level 0.4 Maces & Flails
 + Level 2.6 Dodging
 + Level 3.3 Unarmed Combat
 + Level 2.0 Spellcasting


You couldn't memorise any spells.
You knew the following spells:

 Your Spells              Type           Power      Damage    Failure   Level
a - Beastly Appendage     Tmut           14%        N/A       10%         1
b - Wereblood             Tmut           7%         N/A       16%         2
c - Spider Form           Tmut/Pois      7%         N/A       30%         3
d - Ice Form              Ice/Tmut       7%         N/A       69%         4
e - Foxfire               Conj/Fire      28%        2x1d5     10%         1
Your spell library was empty.

Dungeon Overview and Level Annotations

Branches:
Dungeon (2/15)

Altars:


Innate Abilities, Weirdness & Mutations

You are immune to sickness and miasma.
You are immune to poison.
Your flesh is very heat resistant. (rF++)
You are vulnerable to cold. (rC-)
You float through the air rather than walking.
You learn spells naturally, not from books.
Your magical power is your life essence.
You have superior vitality. (+4 MHP)


Message History

Your primal bloodlust is almost over.
Your primal bloodlust has ended.
There is a stone staircase leading down here.
You fly downwards.
There is a stone staircase leading up here.
Found 12 gold pieces.
Found a stone staircase leading down.
Found 18 gold pieces and a scroll labelled MIRORI AWUS.
You now have 31 gold pieces (gained 12).
You reach down and open the door.
There is an open door here.
Found 19 stones.
b - 47 stones (gained 19)
You reach down and open the door.
A hobgoblin comes into view.
There is an open door here.
What are your orders? t - Shout!
Orders for allies: a - Attack new target. r - Retreat! s - Stop attacking. g - Guard the area. f - Follow me.
Anything else - Cancel.
You shout for attention!
The hobgoblin shouts!
The hobgoblin hits you. The hobgoblin hits you.
The hobgoblin barely misses you. The hobgoblin hits you.
* * * LOW HITPOINT WARNING * * *
The hobgoblin closely misses you. The hobgoblin closely misses you.
The hobgoblin closely misses you. The hobgoblin barely misses you.
The hobgoblin hits you.
* * * LOW HITPOINT WARNING * * *
The hobgoblin hits you.
* * * LOW HITPOINT WARNING * * *
The hobgoblin hits you.
* * * LOW HITPOINT WARNING * * *
The hobgoblin barely misses you. The hobgoblin hits you.
You die...

#......######......##
#......# #......#
#......# ######.#
+......# #.# #......#
#.# #......# .#
#......# ####'#######
#@....... #g#######
###


You could see a hobgoblin.

Vanquished Creatures
  2 dart slugs (D:1)
  2 bats (D:1)
  3 endoplasms (D:1)
  2 giant cockroaches (D:1)
  2 goblins (D:1)
  2 hobgoblins (D:1)
  2 kobolds (D:1)
  A quokka (D:1)
  4 ball pythons (D:1)
20 creatures vanquished.

Vanquished Creatures (others)
  7 foxfires (D:1)
7 creatures vanquished.

Grand Total: 27 creatures vanquished

Notes
Turn   | Place    | Note
-------+----------+-------------------------------------------
     0 | D:1      | Doggr the Djinni Transmuter began the quest for the Orb.
     0 | D:1      | Reached XP level 1. HP: 17/17 MP: 0/0
    48 | D:1      | Reached XP level 2. HP: 17/22 MP: 0/0
   566 | D:1      | Reached XP level 3. HP: 23/27 MP: 0/0
   566 | D:1      | Learned a level 1 spell: Foxfire
   793 | D:2      | HP: 1/27 [hobgoblin (3)]
   795 | D:2      | Slain by a hobgoblin

Illustrated notes

Levels and vault maps discovered:
D:1:      zaba_arrival_water, layout_loops_ring
D:2:      layout_basic, nicolae_concentric_dashed_squares_wild,
          uniq_crazy_yiuf_cottage

Skill      XL: |  1  2 |
---------------+-------+-----
Spellcasting   | 2 |  2.0
Fighting       | |  1.0
Maces & Flails | |  0.4
Dodging        | |  2.6
Unarmed Combat | |  3.3

Action                   || total
-------------------------++-------
Melee: Unarmed           ||    60
       Whip              ||     8
       Headbutt          ||     4
 Cast: Beastly Appendage ||     3
       Foxfire           ||     4
       Wereblood         ||     1
  Use: Scroll            ||     1
Armor: Robe              ||     9
Dodge: Dodged            ||    48
